 Dungeon Crawl Stone Soup version 0.21.0-3-g78d12a8 (webtiles) character file.

21 theswoord the Vexing (level 2, -1/25 HPs)
             Began as a Naga Arcane Marksman on Jan 10, 2018.
             Slain by a kobold
             ... wielding a +0 dagger
              (2 damage)
             ... on level 1 of the Dungeon.
             The game lasted 00:01:48 (750 turns).

theswoord the Vexing (Naga Arcane Marksman)          Turns: 750, Time: 00:01:49

Health: -1/25      AC:  3    Str: 12    XL:     2   Next: 87%
Magic:  3/3        EV:  8    Int: 13    God:
Gold:   48         SH:  0    Dex: 11    Spells: 2/3 levels left

rFire    + . .     SeeInvis +   a - +1 hand crossbow
rCold    + . .     Gourm    .   (no shield)
rNeg     . . .     Faith    .   k - +0 ring mail (curse)
rPois    +         Spirit   .   (no helmet)
rElec    +         Reflect  .   (no cloak)
rCorr    +         Harm     .   (no gloves)
MR       .....                  (no barding)
Stlth    +.........             (no amulet)
HPRegen  0.08/turn              (no ring)
MPRegen  0.08/turn              (no ring)

@: resistant, very slow
A: large, see invisible, deformed body, poison resistance, slowness 2, slow
metabolism 1, spit poison 1, AC +0
a: Spit Poison


You were on level 1 of the Dungeon.
You were not hungry.

You visited 1 branch of the dungeon, and saw 2 of its levels.

You collected 48 gold pieces.

Inventory:

Hand Weapons
 a - a +1 hand crossbow (weapon)
Armour
 e - a +0 robe
 k - a cursed +0 ring mail (worn)
Scrolls
 l - a scroll of enchant armour {unknown}
 p - a scroll of teleportation {unknown}
Potions
 o - a potion of curing
Books
 c - a book of Debilitation

   Spells                             Type                      Level
   a - Corona                         Hexes                        1
   b - Slow                           Hexes                        2
   c - Inner Flame                    Hexes/Fire                   3
   d - Portal Projectile              Hexes/Translocation          3
   e - Cause Fear                     Hexes                        4
   f - Leda's Liquefaction            Hexes/Earth                  4
Comestibles
 f - 2 rations


   Skills:
 - Level 1.0 Fighting
 + Level 3.0 Crossbows
 - Level 1.5 Dodging
 - Level 1.0 Spellcasting
 - Level 3.0 Hexes


You had 2 spell levels left.
You knew the following spells:

 Your Spells              Type           Power        Failure   Level  Hunger
a - Corona                Hex            #......      19%         1    ##.....


Dungeon Overview and Level Annotations

Branches:
Dungeon (2/15)

Altars:


Innate Abilities, Weirdness & Mutations

You cannot wear boots.
Your serpentine skin is tough. (AC +0)
You have supernaturally acute eyesight. (SInv)
Armour fits poorly on your strangely shaped body.
Your system is resistant to poisons. (rPois)
You cover ground very slowly.
You have a slow metabolism.
You can spit poison.


Message History

You clumsily bash the adder but do no damage.
The bat hits you but does no damage. The kobold hits you with a dagger.
* * * LOW HITPOINT WARNING * * *
The adder misses you. The kobold hits you but does no damage.
The adder bites you but does no damage.
You miss the adder. The bat hits you.
* * * LOW HITPOINT WARNING * * *
The adder barely misses you. The kobold hits you with a dagger.
* * * LOW HITPOINT WARNING * * *
The adder closely misses you.
You clumsily bash the adder but do no damage.
The bat hits you but does no damage. The kobold hits you with a dagger.
* * * LOW HITPOINT WARNING * * *
The adder bites you.
* * * LOW HITPOINT WARNING * * *
The bat hits you but does no damage. The kobold hits you but does no damage.
You clumsily bash the adder but do no damage.
The bat barely misses you. The adder bites you but does no damage.
The adder barely misses you. The kobold hits you with a dagger.
You die...

#.###.#######.....#
#.# #.# #.....# #.#
#.# #.##### #.# #.#
#.###### #.# #.#
#.....(# #.# #.#
######.# #.# #.# #.#
#.###.############.###
#..bS@K............(..
####..############....
##.################
#.#≈≈≈≈≈≈≈≈≈≈≈≈≈##
#.#≈P.≈≈.♣♣≈≈P.≈##
#.#≈.♣≈≈♣P.≈≈♣P≈##
#.#≈♣♣≈≈P♣♣≈≈.P≈#.
#.#≈♣P≈≈♣♣P≈≈♣♣≈#.
#.#≈..≈≈PP.≈≈..≈#.


You could see an adder, a bat and a kobold.

Vanquished Creatures
  An ooze (D:1)
  A goblin (D:1)
  5 hobgoblins
  4 jackals (D:1)
  A bat (D:1)
  A frilled lizard (D:1)
  A kobold (D:2)
  A rat (D:1)
15 creatures vanquished.

Notes
Turn   | Place    | Note
-------+----------+-------------------------------------------
     0 | D:1      | theswoord the Naga Arcane Marksman began the quest for the Orb.
     0 | D:1      | Reached XP level 1. HP: 18/18 MP: 2/2
   300 | D:1      | Reached XP level 2. HP: 25/25 MP: 3/3
   749 | D:1      | HP: 1/25 [adder (3)]
   750 | D:1      | Slain by a kobold

Skill      XL: |  1  2 |
---------------+-------+-----
Crossbows      | 2 3 |  3.0
Fighting       | |  1.0
Dodging        | |  1.5
Spellcasting   | |  1.0
Hexes          | |  3.0

Action                   || total
-------------------------++-------
Melee: Hand crossbow     ||     9
 Fire: Hand crossbow     ||    57
  Use: Potion            ||     4
       Scroll            ||     3
Armor: Ring mail         ||    46
Dodge: Dodged            ||    62

Vault maps used:
D:1:      lightli_arrival_farm
D:2:      uniq_crazy_yiuf_cottage
